 Dungeon Crawl Stone Soup version 0.24.0-35-gdb84b6a5db (webtiles) character file.

Game seed: 502528113242832862, levelgen mode: deterministic

9336 Peloso the Blocker (level 11, -1/92 HPs)
             Began as a Minotaur Fighter on Nov 20, 2019.
             Was an Elder of Okawaru.
             Slain by a red ugly thing (7 damage)
             ... on level 10 of the Dungeon.
             The game lasted 00:26:16 (9180 turns).

Peloso the Blocker (Minotaur Fighter)               Turns: 9180, Time: 00:26:16

Health: -1/92      AC: 12    Str: 24    XL:     11   Next: 21%
Magic:  0/10       EV: 15    Int:  7    God:    Okawaru [****..]
Gold:   302        SH: 21    Dex: 19    Spells: 10/10 levels left

rFire    + . .     SeeInvis .   a - +0 long sword
rCold    . . .     Gourm    .   c - +1 large shield
rNeg     . . .     Faith    .   y - +2 scale mail of the Eternal Void {MR+ Dex+2}
rPois    .         Spirit   +   (helmet restricted)
rElec    .         Reflect  .   (no cloak)
rCorr    .         Harm     .   (no gloves)
MR       +....                  B - +1 pair of boots
Stlth    ++........             o - amulet of guardian spirit
HPRegen  0.25/turn              (no ring)
MPRegen  0.12/turn              (no ring)

@: agile
A: retaliatory headbutt, horns 2, clever 1, fire resistance 1, strong 1
a: Heroism, Renounce Religion


You were on level 10 of the Dungeon.
You worshipped Okawaru.
Okawaru was greatly pleased with you.
You were very hungry.

You visited 2 branches of the dungeon, and saw 11 of its levels.
You also visited: Sewer.

You collected 418 gold pieces.
You spent 116 gold pieces at shops.

Inventory:

Hand Weapons
 a - a +0 long sword (weapon)
Armour
 b - a +0 scale mail
 c - a +1 large shield (worn)
 p - a +0 plate armour
 y - the +2 scale mail of the Eternal Void (worn) {MR+ Dex+2}
   (You found it on level 8 of the Dungeon)

   It affects your dexterity (+2).
   It affects your resistance to hostile enchantments.
 B - a +1 pair of boots (worn)
Jewellery
 o - an amulet of guardian spirit (around neck)
Wands
 s - a wand of scattershot (6)
 E - a wand of digging (6)
Scrolls
 e - 4 scrolls of enchant armour
 g - 2 scrolls of enchant weapon {unknown}
 i - 2 scrolls of immolation {unknown}
 k - 2 scrolls of fog
 l - 5 scrolls of identify
 m - 4 scrolls of amnesia
 n - a scroll of teleportation
 q - a scroll of noise {unknown}
 r - 5 scrolls of remove curse
 t - 2 scrolls of magic mapping
Potions
 d - 3 potions of curing
 h - 5 potions of heal wounds
 j - a potion of cancellation
 u - 2 potions of flight
 v - 7 potions of agility
 w - 2 potions of might
 x - a potion of invisibility
 z - a potion of brilliance {unknown}
 A - a potion of mutation
 C - 2 potions of experience {unknown}
Comestibles
 f - 13 rations


   Skills:
 + Level 7.4 Fighting
 + Level 12.1 Long Blades
 + Level 9.4 Armour
 + Level 3.1 Dodging
 + Level 0.6 Stealth
 + Level 12.9 Shields
 + Level 0.3 Invocations


You had 10 spell levels left.
You didn't know any spells.
Your spell library contained the following spells:

 Spells                   Type           Power        Failure   Level  Hunger
 Apportation              Tloc           #.....       99%         1    ##.....
 Summon Butterflies       Summ           #.......     99%         1    ##.....
 Ensorcelled Hibernation  Hex/Ice        #.....       100%        2    ###....
 Lesser Beckoning         Tloc           #.........   100%        3    ####...
 Tukima's Dance           Hex            #.......     100%        3    ####...
 Alistair's Intoxication  Tmut/Pois      #.......     100%        5    ######.
 Borgnjor's Vile Clutch   Necr/Erth      #.........   100%        5    ######.
 Silence                  Hex/Air        #.........   100%        5    ######.
 Darkness                 Hex            #.........   100%        6    #######
 Invisibility             Hex            #.......     100%        6    #######
 Shadow Creatures         Summ           N/A          100%        6    #######


Dungeon Overview and Level Annotations

Branches:
Dungeon (10/15)            Temple (1/1) D:6           Sewer (visited)
   Lair: D:8-11         Orc: D:9-12

Altars:
Ashenzari
Cheibriados
Dithmenos
Elyvilon
Fedhas
Gozag
Hepliaklqana
Kikubaaqudgha
Nemelex Xobeh
Okawaru
Qazlal
Ru
Sif Muna
Trog
Uskayaw
Vehumet
Wu Jian
Xom
Yredelemnul
The Shining One

Shops:
D:5 =   D:8 ?

Annotations:
D:8 3 runed translucent doors, Nattfarinn's ghost, novice GrVM


Innate Abilities, Weirdness & Mutations

You reflexively headbutt those who attack you in melee.
You have a pair of horns on your head.
Your mind is acute. (Int +2)
Your flesh is heat resistant. (rF+)
Your muscles are strong. (Str +2)


Message History

You hit the red ugly thing.
You headbutt the red ugly thing, but do no damage.
The red ugly thing is almost dead.
You block the red ugly thing's attack.
You hit the red ugly thing but do no damage.
You headbutt the red ugly thing.
The red ugly thing is almost dead.
You block the red ugly thing's attack.
You hit the red ugly thing but do no damage.
You headbutt the red ugly thing!
The red ugly thing is almost dead.
You are feeling very hungry.
The red ugly thing gores you.
* * * LOW HITPOINT WARNING * * *
You are engulfed in flames!
You resist.
* * * LOW HITPOINT WARNING * * *
You barely miss the red ugly thing.
The red ugly thing is almost dead.
The crimson imp blinks!
The red ugly thing gores you!
You die...

##..V...#
.#.......#
.....!...#
.#...Z...###
##........#
.......###ยง#
....### #o#
.### #u# #@#
#.# #.# #.#
#.# #.# #.#
#.. ###


You could see a red ugly thing and an orc.

Vanquished Creatures
  2 two-headed ogres
  Pikel (D:6)
  An ugly thing (D:6)
  A merfolk (D:9)
  Prince Ribbit (D:6)
  Grinder (D:5)
  4 hippogriffs
  A wyvern (D:6)
  A vampire (D:10)
  7 yaks (D:9)
  A hungry ghost (D:8)
  A steam dragon (D:9)
  Duvessa (D:6)
  5 sky beasts
  A hornet zombie (D:8)
  4 orc warriors
  4 ice beasts
  An ogre (D:6)
  4 centaurs
  3 phantoms
  A crocodile (D:8)
  Blork the orc (D:5)
  7 big kobolds
  4 bullfrogs
  2 scorpions
  Dowan (D:6)
  4 wights (D:9)
  4 crimson imps
  A bullfrog zombie (D:8)
  2 centaur skeletons
  2 jellies (D:8)
  2 bullfrog skeletons
  An orc priest (D:8)
  4 hounds
  5 orc wizards
  2 iguanas
  5 worker ants
  2 hound skeletons
  Robin (D:3)
  A worker ant zombie (D:9)
  9 gnolls
  A howler monkey skeleton (D:4)
  8 adders
  3 adder skeletons
  5 worms (D:2)
  2 dart slugs
  3 leopard geckos
  16 orcs
  10 giant cockroaches
  14 goblins
  6 hobgoblins
  6 jackals
  32 kobolds
  4 quokkas
  A ball python (Sewer)
  7 bats
  7 frilled lizards
  A quokka skeleton (D:7)
  15 rats
247 creatures vanquished.

Vanquished Creatures (others)
  2 slaves (D:6)
  An orc priest (D:6)
  A butterfly (D:6)
4 creatures vanquished.

Grand Total: 251 creatures vanquished

Notes
Turn   | Place    | Note
-------+----------+-------------------------------------------
     0 | D:1      | Peloso the Minotaur Fighter began the quest for the Orb.
     0 | D:1      | Reached XP level 1. HP: 19/19 MP: 0/0
    67 | D:1      | Reached XP level 2. HP: 12/27 MP: 1/1
   690 | D:1      | Reached XP level 3. HP: 33/33 MP: 2/2
  1086 | D:2      | Gained mutation: Your muscles are strong. (Str +2) [potion
                  | of mutation]
  1086 | D:2      | Gained mutation: Your mind is acute. (Int +2) [potion of
                  | mutation]
  1086 | D:2      | Gained mutation: Your flesh is heat resistant. (rF+)
                  | [potion of mutation]
  1571 | D:2      | Reached XP level 4. HP: 40/40 MP: 3/3
  2159 | D:3      | Noticed Robin
  2166 | D:3      | Killed Robin
  2901 | D:4      | Reached XP level 5. HP: 45/46 MP: 4/4
  3075 | D:4      | Reached skill level 5 in Long Blades
  3154 | D:4      | Reached skill level 5 in Armour
  3254 | D:4      | Noticed a phantom
  3278 | D:4      | Killed a phantom
  3278 | D:4      | Reached skill level 5 in Shields
  3278 | D:4      | Reached XP level 6. HP: 52/52 MP: 5/5
  3501 | D:5      | Entered Level 5 of the Dungeon
  3564 | D:5      | Noticed Blork the orc
  3571 | D:5      | Killed Blork the orc
  3662 | D:5      | Found Adukit's Jewellery Shoppe.
  3666 | D:5      | Bought a cursed ring of attention for 58 gold pieces
  3666 | D:5      | Bought a cursed ring of teleportation for 58 gold pieces
  3740 | D:5      | Reached XP level 7. HP: 52/59 MP: 4/6
  3962 | D:5      | Noticed Grinder
  3985 | D:5      | Paralysed by Grinder for 6 turns
  3995 | D:5      | Killed Grinder
  4107 | D:5      | Found a shimmering altar of Xom.
  4365 | D:6      | Noticed Duvessa
  4365 | D:6      | Noticed Dowan
  4374 | D:6      | Killed Dowan
  4374 | D:6      | Reached XP level 8. HP: 67/67 MP: 7/7
  4376 | D:6      | Killed Duvessa
  4376 | D:6      | Reached skill level 1 in Dodging
  4380 | D:6      | Noticed Pikel
  4389 | D:6      | Killed Pikel
  4389 | D:6      | Reached skill level 5 in Fighting
  4392 | D:6      | Noticed Prince Ribbit
  4409 | D:6      | Found a staircase to the Ecumenical Temple.
  4437 | D:6      | Killed Prince Ribbit
  4523 | D:6      | HP: 1/69 [orc warrior/+0 scimitar (13)]
  4535 | D:6      | Reached XP level 9. HP: 27/74 MP: 1/8
  4643 | D:6      | Found a glowing drain.
  4647 | Sewer    | Entered a sewer
  4958 | Sewer    | Got a smoking quarterstaff
  5053 | Sewer    | Identified the cursed +1 quarterstaff "Asesel" {holy, +Inv
                  | MR- MP+9 Int+7} (You found it in a sewer)
  5363 | Temple   | Entered the Ecumenical Temple
  5521 | Temple   | Became a worshipper of Warmaster Okawaru
  5598 | D:7      | You fall into a shaft and drop 3 floors!
  5598 | D:10     | Entered Level 10 of the Dungeon
  5729 | D:8      | Found Xagigiog's Magic Scroll Shop.
  6005 | D:8      | Reached * piety under Okawaru
  6005 | D:8      | Reached skill level 10 in Shields
  6015 | D:8      | Reached skill level 10 in Long Blades
  6044 | D:8      | Found a runed translucent gate.
  6363 | D:8      | Found a runed translucent gate.
  6363 | D:8      | Found a runed translucent gate.
  6461 | D:8      | Noticed Nattfarinn's ghost (novice GrVM)
  6606 | D:8      | Reached XP level 10. HP: 79/83 MP: 9/9
  6729 | D:8      | Got a black opal-encrusted scale mail
  6740 | D:8      | Identified the +2 scale mail of the Eternal Void {MR+
                  | Dex+2} (You found it on level 8 of the Dungeon)
  6891 | D:8      | Noticed a two-headed ogre
  6902 | D:8      | Killed a two-headed ogre
  6902 | D:8      | Reached ** piety under Okawaru
  7075 | D:7      | Noticed a purple ugly thing
  7389 | D:6      | Killed a purple ugly thing
  7389 | D:6      | Reached *** piety under Okawaru
  7679 | D:7      | You fall into a shaft and drop 2 floors!
  8061 | D:9      | Received a gift from Okawaru
  8416 | D:9      | Reached XP level 11. HP: 67/91 MP: 8/10
  9110 | D:10     | Noticed a centaur warrior
  9111 | D:10     | Reached **** piety under Okawaru
  9118 | D:10     | Noticed a two-headed ogre
  9119 | D:10     | Noticed a two-headed ogre
  9155 | D:10     | Noticed a two-headed ogre
  9161 | D:10     | Noticed a red ugly thing
  9164 | D:10     | Killed a two-headed ogre
  9180 | D:10     | Slain by a red ugly thing

Levels and vault maps discovered:
D:1:      saegor_arrival_simple_a, layout_loops_corners, kennysheep_doodads
D:2:      wad_crossroads, layout_loops_ring, first_ration, st_stairs_11,
          kennysheep_generic_room_8
D:3:      layout_basic, uniq_robin
D:4:      layout_gridville
D:5:      layout_loops_ring, lemuel_doored_altar, serial_shops,
          nicolae_shop_trees, uniq_grinder, uniq_blork_the_orc
D:6:      layout_basic, minmay_temple_entry_butterflies, gup_sewer_entry_bowl,
          uniq_prince_ribbit1, uniq_duvessa, uniq_pikel
D:7:      layout_rooms, kb_rosetta
D:8:      minmay_razor_zed, layout_rooms, gammafunk_ghost_icy, serial_shops,
          shop_fountains
D:9:      layout_basic, hangedman_fish_farm, grunt_ministairs_3
D:10:     layout_loops_ring, orc_0_dummy, serial_shops, kennysheep_mini_moat,
          chequers_mini_garden, uniq_urug
Temple:   roderic_octagonal_lattice_temple

Skill      XL: |  1  2  3  4  5  6  7  8  9 10 11 |
---------------+----------------------------------+-----
Shields        | 4 5 6 8 10 12 | 12.9
Armour         | 4 5 6 7 8 9 |  9.4
Long Blades    | 3 4 5 6 7 9 10 11 12 | 12.1
Fighting       | 4 5 6 7 |  7.4
Dodging        | 1 2 3 |  3.1
Stealth        | |  0.6
Invocations    | |  0.3

Action                   |  1- 3 |  4- 6 |  7- 9 | 10-12 || total
-------------------------+-------+-------+-------+-------++-------
Melee: Long sword        |   122 |   133 |   372 |   356 ||   983
       Headbutt          |    26 |    24 |    87 |   113 ||   250
Invok: Heroism           |       |       |     1 |     4 ||     5
Evoke: Wand              |       |       |     1 |       ||     1
  Use: Potion            |     4 |     3 |     4 |     3 ||    14
       Scroll            |       |       |     8 |     1 ||     9
  Eat: Chunk             |     2 |     4 |    10 |     3 ||    19
       Ration            |       |     1 |       |     2 ||     3
Armor: Scale mail        |    49 |       |       |    84 ||   133
       Plate armour      |    15 |    70 |   158 |     5 ||   248
Dodge: Dodged            |    41 |    28 |    38 |    58 ||   165
Block: Shield            |    75 |    45 |       |       ||   120
       Large shield      |       |    26 |   404 |   376 ||   806
       Rpst.: Long sword |    10 |     8 |     9 |    14 ||    41
